 Dungeon Crawl Stone Soup version 0.20.0-15-g7f486f2 (webtiles) character file.

13237 vishdafish the Basher (level 12, -4/76 HPs)
             Began as a Gargoyle Berserker on June 22, 2017.
             Was a High Priest of Trog.
             Slain by a freezing wraith (13 damage)
             ... led by a death knight
             ... on level 11 of the Dungeon.
             The game lasted 00:32:09 (11690 turns).

vishdafish the Basher (Gargoyle Berserker)         Turns: 11690, Time: 00:32:10

Health: -4/76      AC: 25    Str: 24    XL:     12   Next: 3%
Magic:  0/12       EV:  9    Int:  7    God:    Trog [*****.]
Gold:   724        SH:  5    Dex: 12    Spells: 11/11 levels left

rFire    + . .     SeeInvis .   C - +4 flail
rCold    . . .     Gourm    .   r - +0 buckler
rNeg     + + .     Faith    .   E - +0 plate armour
rPois    ∞         Spirit   +   (no helmet)
rElec    +         Reflect  .   (no cloak)
rCorr    .         Harm     .   (no gloves)
MR       .....                  B - +0 pair of boots
Stlth    ..........             k - amulet of guardian spirit
Regen    0.3/turn               b - ring of positive energy
MPRegen  0.2/turn               o - ring of protection from fire

@: about to teleport, vulnerable, berserk cooldown, slowed, very slow
A: negative energy resistance 1, electricity resistance, unbreathing,
petrification resistance, rot immunity, AC +8
a: Berserk, Trog's Hand, Brothers in Arms, Burn Spellbooks, Renounce Religion


You were on level 11 of the Dungeon.
You worshipped Trog.
Trog was extremely pleased with you.
You were not hungry.

You visited 1 branch of the dungeon, and saw 11 of its levels.

You collected 812 gold pieces.
You spent 88 gold pieces at shops.

Inventory:

Hand Weapons
 C - a +4 flail (weapon)
 M - a +2 antimagic dire flail
Armour
 j - a +1 troll leather armour {Snorg}
 r - a +0 buckler (worn)
 B - a +0 pair of boots (worn)
 E - a +0 plate armour (worn)
 O - +0 steam dragon scales
Jewellery
 b - a ring of positive energy (left hand)
 i - an uncursed amulet of the gourmand
 k - an amulet of guardian spirit (around neck)
 o - a ring of protection from fire (right hand)
Wands
 c - a wand of confusion (8/48)
 d - a wand of flame (46/48)
 q - a wand of confusion (28/48)
 s - a wand of flame (1/48)
 H - a wand of random effects (8/48)
 N - a wand of disintegration (9/24)
Scrolls
 a - a scroll of enchant armour {unknown}
 e - 3 scrolls of amnesia
 l - 5 scrolls of remove curse
 t - 2 scrolls of teleportation
 v - 2 scrolls of immolation
 x - a scroll of noise {unknown}
 y - a scroll of magic mapping {unknown}
 A - 2 scrolls of enchant weapon
 D - 5 scrolls of recharging
 F - a scroll of vulnerability {unknown}
 G - a scroll of silence {unknown}
 I - a scroll of blinking {unknown}
 K - a scroll of acquirement {unknown}
Potions
 f - 2 potions of haste
 g - 9 potions of curing
 m - 4 potions of lignification
 n - 6 potions of resistance
 u - a potion of mutation
 J - a potion of flight {unknown}
Books
 P - a book of the Earth

   Spells                             Type                      Level
   a - Leda's Liquefaction            Hexes/Earth                  4
   b - Bolt of Magma                  Conjuration/Fire/Earth       5
   c - Statue Form                    Transmutation/Earth          6
   d - Iron Shot                      Conjuration/Earth            6
   e - Shatter                        Earth                        9
   Trog disapproves of the use of such an item.
Comestibles
 h - 10 fruits
 z - 8 royal jellies
 L - a bread ration


   Skills:
 + Level 9.0 Fighting
 + Level 12.2 Maces & Flails
 * Level 10.5 Armour
 + Level 4.4 Dodging
 - Level 1.9 Stealth
 * Level 6.7 Shields
 - Level 1.0 Evocations


You had 11 spell levels left.
You didn't know any spells.

Dungeon Overview and Level Annotations

Branches:
Dungeon (11/15)            Temple (0/1) D:7            Lair (0/6) D:8
    Orc (0/2) D:10

Altars:
Ashenzari
Cheibriados
Dithmenos
Fedhas
Gozag
Makhleb
Nemelex Xobeh
Okawaru
Qazlal
Sif Muna
Trog
Vehumet
Yredelemnul
Zin
The Shining One

Shops:
D:4 !   D:6 *%

Annotations:
D:4 Menkaure
D:5 exclusion: statue
D:8 Prince Ribbit


Innate Abilities, Weirdness & Mutations

You are resistant to torment.
Your stone body is resilient. (AC +8)
You are immune to poison.
You resist negative energy. (rN+)
You are resistant to electric shocks. (rElec)
You can survive without breathing.
You are immune to petrification.
You are immune to rotting.


Message History

The wraith hits you but does no damage.
You sock the wraith!
The wraith is heavily damaged.
The phantasmal warrior hits you.
* * * LOW HITPOINT WARNING * * *
You sock the freezing wraith!
The freezing wraith is moderately damaged.
You hit the freezing wraith.
The freezing wraith is moderately damaged.
You are no longer berserk.
You are exhausted.
You feel as though you will be slow longer.
The phantasmal warrior hits you!
* * * LOW HITPOINT WARNING * * *
Your magical defenses are stripped away!
As you read the scroll of teleportation, it crumbles to dust.
You feel strangely unstable. The freezing wraith hits you.
* * * LOW HITPOINT WARNING * * *
The freezing wraith freezes you!
You die...

..# ..# ### ##.####..##..##
#..............
#..............
#...##........
##...##........ ...
#....)WW....... ..
#.....@W....!# # .
######...##$.....# #. .
##...##...##........ #..#
#............../.... #..#
#................... #...
#................... #...
##...####################+##
##...##...###...####...# #
#....#.................# +


You could see a phantasmal warrior, a freezing wraith and a wraith.

Vanquished Creatures
  Snorg (D:11)
  The ghost of mcbry the Warrior, a journeyman MfGl of Okawaru (D:9)
  A hydra (D:9)
  A death knight (D:11)
  A two-headed ogre (D:9)
  Nergalle (D:10)
  A cyclops (D:10)
  A freezing wraith (D:11)
  The ghost of CalmDownMonkey the Ruffian, an amateur TrMo of Makhleb (D:6)
  A troll (D:9)
  A queen bee (D:9)
  Grinder (D:5)
  A hippogriff (D:10)
  3 slime creatures (D:9)
  Sigmund (D:2)
  7 yaks (D:9)
  Eustachio (D:4)
  A steam dragon (D:10)
  A hungry ghost (D:9)
  A soldier ant (D:10)
  A water moccasin (D:10)
  A porcupine (D:8)
  4 orc warriors
  A sky beast (D:9)
  4 ice beasts
  3 black bears
  A necrophage (D:7)
  2 ogres
  2 centaurs (D:5)
  A hornet zombie (D:10)
  A big kobold (D:8)
  9 bullfrogs
  A gnoll sergeant (D:2)
  3 scorpions
  19 killer bees
  4 howler monkeys
  An electric eel (D:8)
  4 crimson imps
  A bullfrog zombie (D:8)
  2 quasits
  A centaur zombie (D:5)
  A jelly (D:9)
  2 centaur skeletons
  3 bullfrog skeletons
  4 hounds
  3 iguanas
  4 orc priests
  Ijyb (D:2)
  9 orc wizards
  5 worker ants
  A killer bee zombie (D:8)
  A hound zombie (D:6)
  A hound skeleton (D:8)
  3 howler monkey skeletons
  13 gnolls
  13 adders
  2 shadow imps
  2 adder skeletons
  3 worms
  8 leopard geckos
  42 orcs
  5 bats
  10 giant cockroaches
  A goblin (D:3)
  5 hobgoblins
  19 jackals
  10 kobolds
  7 quokkas
  A ball python (D:4)
  5 frilled lizards
  A jackal zombie (D:6)
  5 rats
284 creatures vanquished.

Vanquished Creatures (others)
  A fungus (D:8)
1 creature vanquished.

Grand Total: 285 creatures vanquished

Notes
Turn   | Place    | Note
-------+----------+-------------------------------------------
     0 | D:1      | vishdafish the Gargoyle Berserker began the quest for the Orb.
     0 | D:1      | Reached XP level 1. HP: 14/14 MP: 1/1
   185 | D:1      | HP: 1/21 [frilled lizard (1)]
   530 | D:1      | Reached XP level 2. HP: 19/19 MP: 0/2
  1171 | D:2      | Found a snail-covered altar of Cheibriados.
  1176 | D:2      | Reached XP level 3. HP: 21/23 MP: 1/3
  1294 | D:2      | Reached ** piety under Trog
  1306 | D:2      | Found a shadowy altar of Dithmenos.
  1389 | D:2      | Reached XP level 4. HP: 29/29 MP: 4/4
  1421 | D:2      | Noticed Sigmund
  1439 | D:2      | Killed Sigmund
  1439 | D:2      | Reached skill level 4 in Maces & Flails
  1439 | D:2      | Reached XP level 5. HP: 33/33 MP: 5/5
  1592 | D:2      | Reached XP level 6. HP: 19/38 MP: 3/6
  1689 | D:2      | Found a stormy altar of Qazlal.
  1711 | D:2      | Found a blossoming altar of Fedhas.
  1936 | D:3      | Noticed Ijyb
  1980 | D:2      | Killed Ijyb
  1980 | D:2      | Reached skill level 5 in Maces & Flails
  1980 | D:2      | Reached skill level 1 in Stealth
  2634 | D:3      | Found a glowing golden altar of the Shining One.
  2789 | D:3      | Found an iron altar of Okawaru.
  3023 | D:4      | Reached XP level 7. HP: 37/44 MP: 5/7
  3040 | D:4      | Reached *** piety under Trog
  3053 | D:4      | Noticed Eustachio
  3060 | D:4      | Killed Eustachio
  3060 | D:4      | Reached skill level 6 in Maces & Flails
  3254 | D:4      | Found a deep blue altar of Sif Muna.
  3466 | D:4      | Reached skill level 5 in Fighting
  3512 | D:4      | Noticed Menkaure
  3648 | D:4      | Found Qulovouw's Distillery.
  3654 | D:4      | Bought a potion of mutation for 88 gold pieces
  3699 | D:4      | Found a burning altar of Makhleb.
  3938 | D:5      | Entered Level 5 of the Dungeon
  4071 | D:5      | Found a basalt altar of Yredelemnul.
  4108 | D:5      | Reached skill level 7 in Maces & Flails
  4176 | D:5      | Noticed Grinder
  4186 | D:5      | Killed Grinder
  4186 | D:5      | Reached XP level 8. HP: 47/50 MP: 8/8
  4351 | D:5      | Reached **** piety under Trog
  4461 | D:5      | Found a radiant altar of Vehumet.
  4947 | D:6      | Noticed CalmDownMonkey's ghost (amateur TrMo)
  4962 | D:6      | Killed CalmDownMonkey's ghost
  4962 | D:6      | Reached skill level 8 in Maces & Flails
  5026 | D:6      | Found an opulent altar of Gozag.
  5100 | D:6      | Found Wiwi's Assorted Antiques.
  5117 | D:6      | Found a sparkling altar of Nemelex Xobeh.
  5131 | D:6      | Found Aguor's Food Shoppe.
  5293 | D:6      | Reached XP level 9. HP: 55/55 MP: 9/9
  5320 | D:6      | Found an iron altar of Okawaru.
  5400 | D:6      | Found a shattered altar of Ashenzari.
  5413 | D:6      | Found a shadowy altar of Dithmenos.
  5700 | D:6      | Reached skill level 9 in Maces & Flails
  5836 | D:6      | Found a bloodstained altar of Trog.
  6177 | D:7      | Reached skill level 5 in Armour
  6499 | D:7      | Found a glowing silver altar of Zin.
  6658 | D:7      | Reached skill level 1 in Shields
  6680 | D:7      | Found a staircase to the Ecumenical Temple.
  7124 | D:8      | Noticed Prince Ribbit
  7258 | D:8      | Reached ***** piety under Trog
  7278 | D:8      | Reached skill level 10 in Maces & Flails
  7421 | D:8      | Found a staircase to the Lair.
  7430 | D:8      | Reached XP level 10. HP: 37/63 MP: 6/10
  7985 | D:9      | Noticed a two-headed ogre
  7998 | D:9      | Killed a two-headed ogre
  7998 | D:9      | Reached skill level 1 in Evocations
  8153 | D:9      | Noticed mcbry's ghost (journeyman MfGl)
  8186 | D:9      | Killed mcbry's ghost
  8754 | D:9      | Noticed a five-headed hydra
  8764 | D:9      | Killed a five-headed hydra
  8893 | D:9      | Reached skill level 11 in Maces & Flails
  8995 | D:9      | Reached XP level 11. HP: 68/69 MP: 9/11
  9400 | D:9      | Received a gift from Trog
  9863 | D:10     | Entered Level 10 of the Dungeon
  9966 | D:9      | Reached skill level 5 in Shields
 10826 | D:10     | Found a staircase to the Orcish Mines.
 11061 | D:11     | Noticed Snorg
 11082 | D:11     | Killed Snorg
 11452 | D:11     | Noticed a cyclops
 11453 | D:11     | Noticed Nergalle
 11500 | D:10     | Reached skill level 10 in Armour
 11518 | D:10     | Reached skill level 12 in Maces & Flails
 11564 | D:10     | Killed Nergalle
 11568 | D:10     | Killed a cyclops
 11663 | D:11     | Noticed a death knight
 11667 | D:11     | Noticed a phantasmal warrior
 11678 | D:11     | Killed a death knight
 11678 | D:11     | Reached XP level 12. HP: 71/76 MP: 7/12
 11690 | D:11     | Slain by a freezing wraith

Skill      XL: |  1  2  3  4  5  6  7  8  9 10 11 |
---------------+----------------------------------+-----
Dodging        | 2 3 4 |  4.4
Fighting       | 4 5 6 7 8 9 |  9.0
Maces & Flails | 4 5 7 8 10 11 12 | 12.2
Stealth        | 1 |  1.9
Armour         | 3 4 6 8 10 | 10.5
Shields        | 2 4 6 |  6.7
Evocations     | 1 |  1.0

Action                   |  1- 3 |  4- 6 |  7- 9 | 10-12 || total
-------------------------+-------+-------+-------+-------++-------
Melee: Mace              |    83 |       |       |       ||    83
       Flail             |     8 |   154 |   464 |   610 ||  1236
Invok: Berserk           |     2 |     3 |     2 |     6 ||    13
Evoke: Wand              |       |       |       |    14 ||    14
  Use: Potion            |       |     3 |     1 |     3 ||     7
       Scroll            |       |       |    10 |    10 ||    20
  Eat: Bread ration      |     1 |       |     2 |     3 ||     6
       Royal jelly       |       |     2 |       |     2 ||     4
       Meat ration       |       |     1 |     1 |     1 ||     3
       Chunk             |       |     1 |       |       ||     1
Armor: Animal skin       |    36 |     6 |       |       ||    42
       Chain mail        |       |   136 |   125 |       ||   261
       Robe              |       |    10 |       |       ||    10
       Plate armour      |       |       |   269 |   500 ||   769
Dodge: Dodged            |    78 |   103 |   235 |   354 ||   770
Block: Buckler           |       |       |    46 |   165 ||   211
